cohdb
Replays
Latest Replays
All Replays
Popular Replays
Top Player Replays
Match Explorer
How It Works
Community
CoH3 Stats
Reddit
Sign in to upload your games and track your stats! →
Sign in with Steam
Match 45050102
Unlisted
Match 45050102
Overview
Messages
Build Orders
End
Selects Luftwaffe Battlegroup
Selects Luftwaffe Pioneer Support
Fallschirmpioneer Squad Paradrop
Construct Infanterie Kompanie
MG 42 Machine Gun Team
GrW 34 Mortar Team
MG 42 Machine Gun Team
Fallschirmpioneer Squad Paradrop
Fallschirmpioneer Squad Paradrop
Construct Luftwaffe Kompanie
Joraad
GuccieSwag
Major Lin ROCAF
noob
Two_Girlfriend_Haver ;)
BANDofBROTHERS
kobzorz28
This Sly Moose
0
0
Comments
sign in to comment!
No comments posted yet!